 Dungeon Crawl Stone Soup version 0.29.1-1-gd02db6906a (webtiles) character file.

Game seed: 5588669863631091799

142 Icepheonix32 the Trooper (level 5, -10/47 HPs)
             Began as a Minotaur Fighter on Sept 19, 2022.
             Mangled by Robin
             ... wielding a +1 falchion of electrocution
              (19 damage)
             ... on level 3 of the Dungeon.
             The game lasted 00:02:35 (1816 turns).

Icepheonix32 the Trooper (Minotaur Fighter)         Turns: 1816, Time: 00:02:35

Health: -10/47     AC: 14    Str: 20    XL:     5   Next: 3%
Magic:  4/4        EV:  9    Int:  5    God:
Gold:   163        SH:  5    Dex: 18    Spells: 4/4 levels left

rFire   . . .      SeeInvis .   a - +0 war axe (protect)
rCold   . . .      Faith    .   c - +0 buckler
rNeg    . . .      Spirit   .   b - +0 scale mail
rPois   .          Reflect  .   (helmet restricted)
rElec   .          Harm     .   (no cloak)
rCorr   .          Rampage  .   (no gloves)
Will    .....                   (no boots)
Stlth   ..........              (no amulet)
HPRegen 0.15/turn               h - +6 ring of dexterity
MPRegen 0.09/turn               (no ring)

@: mighty, under a protective aura
A: horns 2, retaliatory headbutt
a: no special abilities


You were on level 3 of the Dungeon.
You visited 1 branch of the dungeon, and saw 3 of its levels.

You collected 163 gold pieces.

Inventory:

Hand Weapons
 a - a +0 war axe of protection (weapon)
Missiles
 f - 2 javelins (quivered)
Armour
 b - a +0 scale mail (worn)
 c - a +0 buckler (worn)
 e - a scarf of shadows
Jewellery
 h - a +6 ring of dexterity (left hand)
Wands
 i - a wand of roots (4)
Scrolls
 g - 2 scrolls of identify {unknown}
 k - a scroll of summoning {unknown}
 l - 2 scrolls of blinking {unknown}
Potions
 j - a potion of curing


   Skills:
 * Level 4.9 Fighting
 + Level 3.9 Axes
 + Level 4.7 Armour
 + Level 0.8 Dodging
 + Level 0.1 Stealth
 + Level 4.0 Shields


You had 4 spell levels left.
You didn't know any spells.
Your spell library contained the following spells:

 Spells                   Type           Power      Damage    Failure   Level
 Borgnjor's Revivificati  Necr           0%         N/A       100%        8
 Necromutation            Tmut/Necr      0%         N/A       100%        8
 Death's Door             Necr           0%         N/A       100%        9


Dungeon Overview and Level Annotations

Branches:
Dungeon (3/15)

Altars:
Hepliaklqana

Shops:
D:3 =

Annotations:
D:3 Robin


Innate Abilities, Weirdness & Mutations

You have a pair of horns on your head.
You reflexively headbutt those who attack you in melee.


Message History

Robin throws the goblin at you!
A goblin comes into view. It is wielding a +0 dagger.
The goblin shouts!
You hit the goblin.
Your weapon exudes an aura of protection.
Your headbutt misses the goblin.
The goblin is severely wounded.
The goblin hits you but does no damage. The goblin barely misses you.
You hit the goblin.
You kill the goblin!
Robin throws the goblin at you! The goblin hits you but does no damage.
You closely miss the goblin.
A goblin comes into view. It is wielding a +0 club.
You block the goblin's attack.
A goblin comes into view. It is wielding a +0 dagger.
A hobgoblin comes into view.
The goblin hits you but does no damage.
You barely miss the goblin.
The goblin shouts! x2
You headbutt the goblin.
You kill the goblin!
A goblin comes into view. It is wielding a +0 club.
A hobgoblin comes into view.
A hobgoblin comes into view.
The goblin shouts!
The hobgoblin shouts! x2
Robin hits you but does no damage.
You are electrocuted!!
You hit Robin but do no damage.
Your weapon exudes an aura of protection.
You closely miss the hobgoblin.
The hobgoblin hits you but does no damage.
Robin barely misses you.
An endoplasm comes into view.
The hobgoblin hits you. Robin hits you but does no damage.
You feel very mighty all of a sudden.
The hobgoblin hits you but does no damage.
Robin hits you with a +1 falchion of electrocution.
You are electrocuted!!
* * * LOW HITPOINT WARNING * * *
You feel better. Robin hits you but does no damage.
You are electrocuted!!
You die...

.....###
#.#..#
####...##.#
.....>.#
#.#.##
#.........#
.......#
#.#.
##.#...#####
.......#
#...
##....#.#
.......#
.....##..#
.......#
###.##..##
.......#
#..)#..##
..#.####
#.....##
~~#. #@.####
#.gggg.#
##g##..# ..
g.## ..J
.### .. .# .
.#


You could see Robin, an endoplasm, 3 hobgoblins and 2 goblins.

Vanquished Creatures
  Terence (D:3)
  Ijyb (D:3)
  4 adders
  A worm (D:3)
  2 dart slugs (D:1)
  A giant cockroach (D:3)
  9 goblins
  4 hobgoblins
  5 kobolds
  3 quokkas
  6 ball pythons (D:2)
  4 bats
  5 frilled lizards
  7 rats
53 creatures vanquished.

Notes
Turn   | Place    | Note
-------+----------+-------------------------------------------
     0 | D:1      | Icepheonix32 the Minotaur Fighter began the quest for the
                  | Orb.
     0 | D:1      | Reached XP level 1. HP: 19/19 MP: 0/0
   206 | D:1      | Reached XP level 2. HP: 27/27 MP: 1/1
   979 | D:2      | Reached XP level 3. HP: 24/34 MP: 2/2
  1090 | D:2      | Found a hazy altar of Hepliaklqana.
  1362 | D:3      | Noticed Terence
  1369 | D:3      | Killed Terence
  1370 | D:3      | Reached XP level 4. HP: 33/41 MP: 3/3
  1446 | D:3      | Found Mousiwk's Jewellery Boutique.
  1465 | D:3      | Noticed Ijyb
  1480 | D:3      | HP: 2/61 [constriction (3)]
  1481 | D:3      | Killed Ijyb
  1560 | D:3      | Reached XP level 5. HP: 16/47 MP: 4/4
  1807 | D:3      | Noticed Robin
  1815 | D:3      | HP: 1/47 [Robin/+1 falchion of electrocution (19)]
  1816 | D:3      | Mangled by Robin

Illustrated notes

Levels and vault maps discovered:
D:1:      erik_arrival_cave_to_civilisation [erik_arrival_cave_to_hall],
          layout_basic, wad_floor_pattern_untrapped
D:2:      layout_rooms, basic_altar
D:3:      layout_rooms, chequers_ecumenical_altar_island, serial_shops,
          nicolae_shop_waterfront, uniq_ijyb, uniq_terence, uniq_robin,
          uniq_natasha

Skill      XL: |  1  2  3  4 |
---------------+-------------+-----
Fighting       | 4 |  4.9
Armour         | 4 |  4.7
Axes           | 3 |  3.9
Shields        | 4 |  4.0
Dodging        | |  0.8
Stealth        | |  0.1

Action                   |  1- 3 |  4- 6 || total
-------------------------+-------+-------++-------
Melee: War axe           |    76 |    40 ||   116
       Headbutt          |    15 |     3 ||    18
Throw: Javelin           |     1 |     2 ||     3
  Use: Potion            |       |     4 ||     4
       Scroll            |       |     1 ||     1
Armor: Scale mail        |    39 |    17 ||    56
       Skin              |       |    12 ||    12
Dodge: Dodged            |    38 |    13 ||    51
Block: Buckler           |    18 |     7 ||    25
